[Event "Early-Titled-Tuesday-Blitz-February-06-2024"]
[Site "Chess.com"]
[Date "2024.02.06"]
[Round "4"]
[White "jefferyx"]
[Black "RobertoJBM"]
[Result "1/2-1/2"]
[WhiteElo "3008"]
[BlackElo "2820"]
[TimeControl "180+1"]
[EndTime "8:37:10 PST"]
[Termination "Game drawn by agreement"]

1. d4 d5 2. c4 c6 3. Nf3 Nf6 4. cxd5 cxd5 5. Nc3 a6 6. Bf4 Qb6 7. Na4 Qa5+ 8. Bd2 Qd8 9. a3 e6 10. Bf4 Bd6 11. Bxd6 Qxd6 12. e3 O-O 13. Bd3 Bd7 14. O-O Bxa4 15. Qxa4 Nbd7 16. Rfc1 Rfc8 17. b4 h6 18. Qb3 Rc7 19. Rxc7 Qxc7 20. a4 Rc8 21. a5 Qc3 22. Qxc3 Rxc3 23. Ne1 Rb3 24. Rb1 Rxb1 25. Bxb1 b5 26. axb6 Nxb6 27. Nd3 Nc4 28. Nc5 a5 29. bxa5 Nxa5 30. Bd3 1/2-1/2

[Event "Early-Titled-Tuesday-Blitz-February-06-2024"]
[Site "Chess.com"]
[Date "2024.02.06"]
[Round "4"]
[White "Andrey_Klymchuk"]
[Black "Smiechu"]
[Result "1-0"]
[WhiteElo "2759"]
[BlackElo "2422"]
[TimeControl "180+1"]
[EndTime "8:37:10 PST"]
[Termination "Andrey_Klymchuk won by resignation"]

1. e4 c5 2. d4 cxd4 3. Qxd4 Nc6 4. Qd3 g6 5. Nc3 Bg7 6. Nf3 d6 7. Be2 Nf6 8. O-O O-O 9. h3 Bd7 10. Re1 Rc8 11. Bf1 Qa5 12. a3 Ne5 13. Nxe5 Qxe5 14. Be3 a6 15. Bd4 Qa5 16. e5 dxe5 17. Rxe5 Qd8 18. Rae1 Bf5 19. Qe3 e6 20. Rd1 Qc7 21.
Rd2 Rfd8 22. Bb6 Nd5 23. Rexd5 Rxd5 24. Bxc7 Bxc3 1-0

[Event "Early-Titled-Tuesday-Blitz-February-06-2024"]
[Site "Chess.com"]
[Date "2024.02.06"]
[Round "4"]
[White "Shivagami"]
[Black "ploxoi"]
[Result "0-1"]
[WhiteElo "2215"]
[BlackElo "2462"]
[TimeControl "180+1"]
[EndTime "8:37:13 PST"]
[Termination "ploxoi won by resignation"]

1. d4 e6 2. c4 d5 3. Nc3 c6 4.
cxd5 exd5 5. Nf3 Bd6 6. e4 dxe4 7. Nxe4 Nf6 8. Bg5 Be7 9. Ng3 h6 10. Bf4 O-O 11. Bd3 Nbd7 12. O-O Nd5 13. Bd2 N7f6 14.
Ne5 Re8 15. Qf3 Bd6 16. Rfe1 Qc7 17. Nf5 Bxe5 18. dxe5 Rxe5 19. Rxe5 Qxe5 20. Re1 Qxb2 21. Bxh6 Bxf5 22. Bc1 Qc3 0-1

[Event "Early-Titled-Tuesday-Blitz-February-06-2024"]
[Site "Chess.com"]
[Date "2024.02.06"]
[Round "4"]
[White "VitaliyChayka"]
[Black "AldokhinIvan"]
[Result "1-0"]
[WhiteElo "2413"]
[BlackElo "2621"]
[TimeControl "180+1"]
[EndTime "8:37:16 PST"]
[Termination "VitaliyChayka won by resignation"]

1. d4 Nf6 2. Bf4 e6 3. e3 c5 4.
c3 Nc6 5. Nf3 Be7 6. Nbd2 Nh5 7.
Bg3 Nxg3 8. hxg3 d5 9. Bd3 g6 10. Qe2 O-O 11. dxc5 Bxc5 12. e4 dxe4 13. Nxe4 Be7 14.
O-O-O Qa5 15. Kb1 Rb8 16. Rh6 f6 17. Rdh1 Rf7 18. Qe3 Qc7 19. Rxg6+ hxg6 20. Qh6 Rg7 21.
Qh8+ Kf7 22. Nd6+ Bxd6 23. Bxg6+ 1-0

[Event "Early-Titled-Tuesday-Blitz-February-06-2024"]
[Site "Chess.com"]
[Date "2024.02.06"]
[Round "4"]
[White "Rosh1610"]
[Black "Omranalhosani21"]
[Result "0-1"]
[WhiteElo "2355"]
[BlackElo "2512"]
[TimeControl "180+1"]
[EndTime "8:37:18 PST"]
[Termination "Omranalhosani21 won by resignation"]

1. e3 e5 2. d4 exd4 3. exd4 d5 4. Nf3 Nf6 5. Bd3 Be7 6. O-O O-O 7. Bf4 Re8 8. Nbd2 Bf8 9. c3 c6 10. Qc2 h6 11. Rae1 Be6 12. Ne5 Nbd7 13. Bg3 Nxe5 14. dxe5 Nh5 15. f4 Nxg3 16. hxg3 Bg4 17. Bf5 Bxf5 18. Qxf5 Qb6+ 19. Kh2 Qxb2 20. Nf3 Qxc3 21.
Qg4 Qc4 22. Rc1 Qa4 23. Rfd1 Rad8 24. Rd4 Qa3 25. Rc2 c5 26. Rdd2 d4 27. f5 d3 28.
Rc4 b5 29. Rf4 c4 30. f6 g6 31. Nh4 Rxe5 32. Rf5 Rxf5 33. Nxf5 Rd5 34. Rf2 d2 35. Ne3 0-1

[Event "Early-Titled-Tuesday-Blitz-February-06-2024"]
[Site "Chess.com"]
[Date "2024.02.06"]
[Round "4"]
[White "Yerlan-Ra"]
[Black "RianKapriaga"]
[Result "1-0"]
[WhiteElo "2483"]
[BlackElo "2271"]
[TimeControl "180+1"]
[EndTime "8:37:20 PST"]
[Termination "Yerlan-Ra won on time"]

1. e4 c6 2. d4 d5 3. e5 Bf5 4. c4 e6 5. Nc3 Nd7 6. cxd5 cxd5 7. Nge2 h6 8. Ng3 Bh7 9. Bd3 Bxd3 10. Qxd3 Ne7 11.
O-O Nc6 12. Be3 Be7 13. f4 g6 14. f5 gxf5 15. Nxf5 exf5 16. Qxf5 Qa5 17. Qxf7+ Kd8 18. Nxd5 Rf8 19. Qe6 Re8 20. Rf7 Qa6 21. Bxh6 Rc8 22. Bg5 Nf8 23. Qd6+ Nd7 24. Rxe7 Nxe7 25. Bxe7+ 1-0

[Event "Early-Titled-Tuesday-Blitz-February-06-2024"]
[Site "Chess.com"]
[Date "2024.02.06"]
[Round "4"]
[White "19912131712118"]
[Black "Arystanner"]
[Result "1-0"]
[WhiteElo "2439"]
[BlackElo "2863"]
[TimeControl "180+1"]
[EndTime "8:37:22 PST"]
[Termination "19912131712118 won by resignation"]

1. e4 e5 2. Nf3 Nf6 3. Nxe5 d6 4. Nf3 Nxe4 5. d4 d5 6. Bd3 Bf5 7. O-O Be7 8. c4 O-O 9. Re1 Nc6 10. a3 Bg6 11. Qc2 Nf6 12. Bxg6 hxg6 13. c5 Ne4 14. Nbd2 f5 15. b4 Bh4 16. g3 Bf6 17. Bb2 a6 18. Ne5 g5 19. f3 Nxd2 20.
Qxd2 Bxe5 21. dxe5 f4 22. g4 d4 23. Rad1 Qd5 24. Re4 Nxe5 25. Qe2 d3 26. Rxe5 Rad8 27. Rxd5 dxe2 28. Rxd8 1-0

[Event "Early-Titled-Tuesday-Blitz-February-06-2024"]
[Site "Chess.com"]
[Date "2024.02.06"]
[Round "4"]
[White "rikchessmx"]
[Black "VomDingJetztHer"]
[Result "0-1"]
[WhiteElo "2308"]
[BlackElo "2487"]
[TimeControl "180+1"]
[EndTime "8:37:23 PST"]
[Termination "VomDingJetztHer won by resignation"]

1. e4 e6 2. d4 d5 3. Nc3 dxe4 4.
Nxe4 Bd7 5. Nf3 Bc6 6. Ng3 Nd7 7. Bc4 Ngf6 8. c3 Bd5 9. Bd3 c5 10. O-O cxd4 11. Nxd4 Be7 12. Qe2 b6 13. Bg5 O-O 14. c4 Bb7 15. Rad1 Nc5 16. Bb1 Qc7 17. Rfe1 Rad8 18.
Nb5 Qb8 19. b4 Na6 20. a3 Nc7 21. Nd4 Qc8 22. Ba2 h6 23. Bf4 Rd7 24. Bb3 Rfd8 25. Ba4 Rxd4 26. Rxd4 Rxd4 27. Be5 Rd8 28. Rc1 Nce8 29.
c5 bxc5 30. bxc5 Bc6 31. Bc2 Qd7 32. Rd1 Qb7 33. f3 Rxd1+ 34. Qxd1 Bxc5+ 35. Kh1 Bd5 36. Qd3 Bd6 37. Bxf6 Nxf6 38. Nh5 Nxh5 39. Qh7+ Kf8 0-1

[Event "Early-Titled-Tuesday-Blitz-February-06-2024"]
[Site "Chess.com"]
[Date "2024.02.06"]
[Round "4"]
[White "elchacal664"]
[Black "PawnEatingZombie"]
[Result "1-0"]
[WhiteElo "2467"]
[BlackElo "2203"]
[TimeControl "180+1"]
[EndTime "8:37:25 PST"]
[Termination "elchacal664 won by resignation"]

1. e4 d6 2. c4 Nf6 3. Nc3 g6 4. d4 Bg7 5. f3 O-O 6. Be3 a6 7. Qd2 Nc6 8. h3 Nd7 9. O-O-O e5 10. Nge2 Na5 11. Qd3 exd4 12. Bxd4 Ne5 13. Bxe5 Bxe5 14. f4 Bg7 15. g4 Be6 16. Nd5 c6 17. Ne3 Qf6 18. Qc3 Qxc3+ 19. Nxc3 Bxc4 20. Nxc4 Nxc4 21. Bxc4 Rad8 22. Kc2 b5 23. Bb3 a5 24. a4 b4 25.
Ne2 Rfe8 26. Ng3 d5 27. exd5 Re3 28. Rd3 Rxd3 29. Kxd3 Bxb2 30. Kc2 Bf6 31. Ne4 1-0

[Event "Early-Titled-Tuesday-Blitz-February-06-2024"]
[Site "Chess.com"]
[Date "2024.02.06"]
[Round "4"]
[White "betta2004"]
[Black "MatthewG-p4p"]
[Result "0-1"]
[WhiteElo "2528"]
[BlackElo "2815"]
[TimeControl "180+1"]
[EndTime "8:37:26 PST"]
[Termination "MatthewG-p4p won by resignation"]

1. e4 c5 2. Nc3 g6 3. Bc4 Bg7 4. h4 h6 5. Qf3 e6 6. d4 Nc6 7.
dxc5 Qa5 8. Be3 Bxc3+ 9. bxc3 Qxc3+ 10. Ke2 Qxc4+ 11. Kd2 Ne5 12. Qg3 Qb4+ 13. Kd1 Nc4 14. Bc1 Qxc5 15. Ne2 Qd6+ 16. Qxd6 Nxd6 17. Bb2 f6 18. e5 Ne4 19. Rf1 fxe5 20. Bxe5 Rh7 21. f3 Rf7 22. c3 d6 23. Bh2 e5 24. Kc2 Nc5 25. Rad1 Bf5+ 26. Kb2 O-O-O 27. g4 Bd3 28. Rd2 Ne7 29. f4 Nc6 30. Rf2 Ne4 0-1

[Event "Early-Titled-Tuesday-Blitz-February-06-2024"]
[Site "Chess.com"]
[Date "2024.02.06"]
[Round "4"]
[White "Susal_De_Silva"]
[Black "santosalberto1987"]
[Result "0-1"]
[WhiteElo "2759"]
[BlackElo "2570"]
[TimeControl "180+1"]
[EndTime "8:37:30 PST"]
[Termination "santosalberto1987 won by resignation"]

1. Nf3 d5 2. e3 Nf6 3. c4 c6 4. Nc3 a6 5. b3 Bf5 6. Bb2 e6 7. d4 h6 8. Bd3 Bxd3 9. Qxd3 Nbd7 10. O-O Be7 11. e4 dxe4 12. Nxe4 O-O 13. Ng3 b5 14. Rfd1 bxc4 15. bxc4 Qa5 16. Bc3 Qa4 17. c5 Nd5 18. Bd2 Rab8 19. Ne4 N7f6 20. Ne5 Nxe4 21. Qxe4 Rb2 22. Qg4 Kh8 23. Qh5 Kg8 24. Bxh6 gxh6 25. Rd3 Bg5 26. h4 Nf4 27. Qg4 Nxd3 28. Nxd3 Rxa2 29.
Rxa2 Qxa2 30. hxg5 Qb1+ 0-1

[Event "Early-Titled-Tuesday-Blitz-February-06-2024"]
[Site "Chess.com"]
[Date "2024.02.06"]
[Round "4"]
[White "tusplingher"]
[Black "HanSchut"]
[Result "1-0"]
[WhiteElo "2467"]
[BlackElo "2258"]
[TimeControl "180+1"]
[EndTime "8:37:31 PST"]
[Termination "tusplingher won by resignation"]

1. e4 c5 2. Nf3 d6 3. Bb5+ Bd7 4. Bxd7+ Qxd7 5. c4 Nf6 6. Nc3 g6 7. d4 cxd4 8. Nxd4 Bg7 9. h3 O-O 10. Be3 Rc8 11.
b3 e6 12. O-O d5 13. exd5 exd5 14. Nxd5 Nxd5 15. cxd5 Qxd5 16. Nf3 Qxd1 17. Raxd1 Nc6 18.
Rd7 b6 19. Rc1 Rd8 20. Rxd8+ Nxd8 21. Rc7 Ne6 22. Rd7 h6 23. g3 Bf8 24. Ne5 Nd8 25.
Ng4 h5 26. Nf6+ Kg7 27. Ne8+ Kg8 28. Nc7 Rc8 29. Nb5 a6 30. Nd6 Bxd6 31. Rxd6 Rc2 32. Rxd8+ 1-0

[Event "Early-Titled-Tuesday-Blitz-February-06-2024"]
[Site "Chess.com"]
[Date "2024.02.06"]
[Round "4"]
[White "Rikikits"]
[Black "Polish_fighter3000"]
[Result "0-1"]
[WhiteElo "2834"]
[BlackElo "3063"]
[TimeControl "180+1"]
[EndTime "8:37:33 PST"]
[Termination "Polish_fighter3000 won by resignation"]

1. d4 Nf6 2. Bg5 e6 3. Nf3 h6 4.
Bh4 c5 5. e3 d5 6. Nbd2 Nbd7 7.
Bd3 Bd6 8. O-O c4 9. Be2 Qc7 10. c3 Rb8 11. Qc2 b5 12. e4 Nxe4 13. Nxe4 dxe4 14.
Qxe4 Bb7 15. Qg4 O-O 16. Kh1 f5 17. Qg6 Bd5 18. Bg3 f4 19. Bh4 Rf5 20. Bd1 Nf8 21.
Qg4 g5 22. Bc2 Qf7 23. Rae1 h5 0-1

[Event "Early-Titled-Tuesday-Blitz-February-06-2024"]
[Site "Chess.com"]
[Date "2024.02.06"]
[Round "4"]
[White "Maitreia"]
[Black "Msb2"]
[Result "0-1"]
[WhiteElo "2744"]
[BlackElo "3004"]
[TimeControl "180+1"]
[EndTime "8:37:33 PST"]
[Termination "Msb2 won by resignation"]

1. c4 e6 2. Nf3 d5 3. g3 Nf6 4. Bg2 Nc6 5. cxd5 exd5 6. d4 Bd6 7. O-O O-O 8. Nc3 h6 9. Nb5 Re8 10. Nxd6 cxd6 11. Bd2 Bf5 12. Rc1 Qb6 13. Bc3 Ne4 14.
e3 Rac8 15. Qb3 Qxb3 16. axb3 Rc7 17. Nd2 Rec8 18. Nxe4 Bxe4 19. f3 Bg6 20. Ra1 Re8 21. Kf2 a6 22. b4 Na7 23. Rac1 Rec8 24. Bd2 Rc2 25. Rxc2 Rxc2 26. Ke2 Rxb2 27. Rc1 Nc6 28. Kd1 Nxb4 29. Bxb4 Rxb4 30. Bf1 a5 31. h4 a4 32. Rc8+ Kh7 33. Ra8 Rb1+ 34. Ke2 b5 35. g4 Bd3+ 36. Kxd3 Rxf1 37. e4 Rxf3+ 0-1

[Event "Early-Titled-Tuesday-Blitz-February-06-2024"]
[Site "Chess.com"]
[Date "2024.02.06"]
[Round "4"]
[White "rubicapa"]
[Black "BelaKis"]
[Result "1/2-1/2"]
[WhiteElo "2454"]
[BlackElo "2251"]
[TimeControl "180+1"]
[EndTime "8:37:33 PST"]
[Termination "Game drawn by repetition"]

1. d4 Nf6 2. c4 g6 3. Nf3 Bg7 4. g3 d6 5. Bg2 Bd7 6. O-O Qc8 7. Re1 Bh3 8. Bh1 h5 9. Nc3 h4 10. e4 hxg3 11. hxg3 Bg4 12. Bg2 Nc6 13. e5 Nd7 14.
exd6 cxd6 15. Be3 Nf6 16. Qa4 Kf8 17. d5 Ne5 18. Nxe5 dxe5 19. Bg5 Qf5 20. Bxf6 Bxf6 21. Ne4 Bf3 22. Qb3 Bxg2 23. Kxg2 Qh3+ 24. Kf3 Qf5+ 25.
Kg2 Qh3+ 26. Kf3 Qf5+ 27. Kg2 1/2-1/2

[Event "Early-Titled-Tuesday-Blitz-February-06-2024"]
[Site "Chess.com"]
[Date "2024.02.06"]
[Round "4"]
[White "miraitrunks"]
[Black "EvgenyBurmakin"]
[Result "0-1"]
[WhiteElo "2135"]
[BlackElo "2436"]
[TimeControl "180+1"]
[EndTime "8:37:33 PST"]
[Termination "EvgenyBurmakin won by resignation"]

1. e4 c5 2. Nf3 d6 3. d4 cxd4 4. Nxd4 Nf6 5. Nc3 a6 6. Be2 e5 7. Nb3 Be6 8. O-O Be7 9. Be3 O-O 10. h3 d5 11. exd5 Nxd5 12. Nxd5 Bxd5 13. Bf3 Bxf3 14. Qxf3 Qc7 15. c3 Nc6 16. Rad1 Rad8 17. Rxd8 Rxd8 18. Rd1 Rxd1+ 19. Qxd1 Qd6 20. Qxd6 Bxd6 21.
Nc5 Nd8 22. g4 f6 23. Ne4 Bc7 24. Kf1 Kf7 25. Ke2 Ke6 26. Kd3 g6 27. f3 b6 28. c4 Nb7 29. b4 h5 30. gxh5 gxh5 31. Ng3 h4 32. Ne4 f5 33. Nc3 Bd8 34. Nd5 b5 35. c5 Kxd5 0-1

[Event "Early-Titled-Tuesday-Blitz-February-06-2024"]
[Site "Chess.com"]
[Date "2024.02.06"]
[Round "4"]
[White "SnekkerAndersen"]
[Black "Kaissa10"]
[Result "1-0"]
[WhiteElo "2649"]
[BlackElo "2308"]
[TimeControl "180+1"]
[EndTime "8:37:37 PST"]
[Termination "SnekkerAndersen won by checkmate"]

1. d4 d5 2. c4 e6 3. Nc3 Nf6 4. cxd5 exd5 5. Bg5 Bb4 6. e3 h6 7. Bh4 g5 8. Bg3 Ne4 9. Qa4+ Nc6 10. Bb5 Bd7 11.
Bxc6 Bxc3+ 12. bxc3 Bxc6 13. Qc2 Nxg3 14. hxg3 Bb5 15.
Nf3 Qf6 16. Rb1 a6 17. a4 Bc6 18. Ne5 O-O-O 19. O-O a5 20. c4 dxc4 21. Qxc4 Qe6 22. Qxe6+ fxe6 23. Nxc6 bxc6 24. Rfc1 Rd6 25. Rc5 Kd7 26.
Rxa5 Rd5 27. Ra7 c5 28. Rc1 cxd4 29. e4 Re5 30. Raxc7+ Kd6 31. R1c6# 1-0

[Event "Early-Titled-Tuesday-Blitz-February-06-2024"]
[Site "Chess.com"]
[Date "2024.02.06"]
[Round "4"]
[White "mitrabhaa"]
[Black "pavet"]
[Result "0-1"]
[WhiteElo "2908"]
[BlackElo "2780"]
[TimeControl "180+1"]
[EndTime "8:37:38 PST"]
[Termination "pavet won by resignation"]

1. d4 Nf6 2. Nf3 g6 3. g3 Bg7 4.
c4 d5 5. Bg2 dxc4 6. Na3 O-O 7.
Nxc4 c5 8. O-O Nc6 9. dxc5 Be6 10.
Nce5 Nxe5 11. Nxe5 Qc7 12. Nd3 Rad8 13. Bf4 Qc8 14.
Qa4 Nd5 15. Qxa7 Bf5 16. Rad1 Bxd3 17. Rxd3 Nxf4 18. Rxd8 Nxe2+ 19. Kh1 Rxd8 20. b4 Rd7 21. Qb6 Nd4 22. Re1 Bf6 23. h4 h5 24. a4 Kg7 25.
a5 e6 26. b5 Bd8 27. Qa7 Nxb5 0-1

[Event "Early-Titled-Tuesday-Blitz-February-06-2024"]
[Site "Chess.com"]
[Date "2024.02.06"]
[Round "4"]
[White "DevikBronstein"]
[Black "HajiyevKanan"]
[Result "1-0"]
[WhiteElo "2903"]
[BlackElo "2600"]
[TimeControl "180+1"]
[EndTime "8:37:41 PST"]
[Termination "DevikBronstein won by resignation"]

1. Nf3 d5 2. g3 Nf6 3. Bg2 g6 4. c4 c6 5. O-O Bg7 6. b3 O-O 7. Bb2 Bg4 8. d3 Nbd7 9. Nbd2 Re8 10. h3 Bxf3 11. Nxf3 e5 12. cxd5 Nxd5 13. Qc2 a5 14. a3 Qe7 15. e4 Nc7 16. Rfd1 Nb5 17. a4 Nd4 18. Nxd4 exd4 19. Ba3 Qe6 20. Rab1 h5 21. f4 c5 22. Qc4 b6 23. e5 Rac8 24. Rf1 Kh7 25.
Rbe1 Qxc4 26. bxc4 f6 27. e6 Nb8 28. f5 Nc6 29.
fxg6+ Kxg6 30. Be4+ f5 31. Rxf5 1-0

[Event "Early-Titled-Tuesday-Blitz-February-06-2024"]
[Site "Chess.com"]
[Date "2024.02.06"]
[Round "4"]
[White "Gravity_Chess"]
[Black "Jospem"]
[Result "1/2-1/2"]
[WhiteElo "2860"]
[BlackElo "3056"]
[TimeControl "180+1"]
[EndTime "8:37:42 PST"]
[Termination "Game drawn by agreement"]

1. c4 c5 2. Nf3 Nc6 3. d4 cxd4 4. Nxd4 Qb6 5. Nb5 a6 6. Be3 Qa5+ 7. N5c3 e6 8. Qa4 Qc7 9. g3 Nf6 10. Bg2 Be7 11.
O-O O-O 12. Bf4 Qb6 13. Qb3 Qa5 14. Rd1 b5 15. cxb5 axb5 16. Qxb5 Qxb5 17. Nxb5 d5 18.
N1c3 Bb7 19. e4 dxe4 20. Nxe4 Nd5 21. Bd6 Rfd8 22. Bxe7 Ncxe7 23. Nec3 Rab8 24. Nxd5 Nxd5 25. Nc3 Kf8 26. Nxd5 Bxd5 27. Bxd5 exd5 28. Rab1 Ke7 29. b4 Kd6 30. a4 Rdc8 1/2-1/2

[Event "Early-Titled-Tuesday-Blitz-February-06-2024"]
[Site "Chess.com"]
[Date "2024.02.06"]
[Round "4"]
[White "AradNazari"]
[Black "BillieKimbah"]
[Result "0-1"]
[WhiteElo "2774"]
[BlackElo "2946"]
[TimeControl "180+1"]
[EndTime "8:37:45 PST"]
[Termination "BillieKimbah won on time"]

1. e4 e5 2. f4 exf4 3. Nf3 d6 4.
Bc4 h6 5. h4 Nf6 6. Nc3 Nc6 7.
d4 Nh5 8. Nd5 g5 9. hxg5 hxg5 10. Ne5 dxe5 11. Rxh5 Rxh5 12. Qxh5 Nxd4 13. Nxf4 Nxc2+ 14. Kf1 Qf6 15. Rb1 gxf4 16. Bd2 Be6 17. Bxe6 Qxe6 18. Rc1 Qc4+ 19. Kg1 O-O-O 20. Bc3 Nd4 21. Kh2 Ne2 22. Rc2 Nxc3 23. Rxc3 Qe6 0-1

[Event "Early-Titled-Tuesday-Blitz-February-06-2024"]
[Site "Chess.com"]
[Date "2024.02.06"]
[Round "4"]
[White "kleinebeer98"]
[Black "Kazan28"]
[Result "0-1"]
[WhiteElo "2825"]
[BlackElo "2597"]
[TimeControl "180+1"]
[EndTime "8:37:46 PST"]
[Termination "Kazan28 won by resignation"]

1. e4 d6 2. d4 Nf6 3. Nc3 e5 4.
Nf3 Nbd7 5. g4 h6 6. Rg1 c6 7.
a4 Qa5 8. Bd2 exd4 9. Nxd4 Qe5 10. Nf3 Qe7 11. Qe2 Ne5 12. Nxe5 dxe5 13. O-O-O Be6 14.
f4 O-O-O 15. f5 Bd7 16. Be3 Kb8 17. Qf2 c5 18. Bc4 b6 19. Rd3 Bc6 20. Rxd8+ Qxd8 21. Rd1 Qc7 22. Nd5 Bxd5 23. Bxd5 Bd6 24. Qe2 Rd8 25.
h4 Nxd5 26. Rxd5 Be7 27. Rxd8+ Qxd8 28. h5 Bg5 29. c3 Bxe3+ 30. Qxe3 Qd7 31. b3 c4 32. Qd2 Qxd2+ 33. Kxd2 cxb3 34. g5 f6 35. gxf6 gxf6 0-1

[Event "Early-Titled-Tuesday-Blitz-February-06-2024"]
[Site "Chess.com"]
[Date "2024.02.06"]
[Round "4"]
[White "edgarhay012"]
[Black "Lanshou"]
[Result "1-0"]
[WhiteElo "2522"]
[BlackElo "2695"]
[TimeControl "180+1"]
[EndTime "8:37:48 PST"]
[Termination "edgarhay012 won by resignation"]

1. e4 e5 2. Nf3 Nc6 3. Bb5 a6 4.
Ba4 Nf6 5. O-O Bc5 6. c3 b5 7.
Bb3 d6 8. d4 Bb6 9. a4 Rb8 10.
axb5 axb5 11. dxe5 dxe5 12. Qxd8+ Nxd8 13. Bg5 h6 14. Bh4 Nc6 15. Bd5 Nxd5 16. exd5 Ne7 17. Nxe5 Bb7 18. Bxe7 Kxe7 19. Re1 Rhe8 20. Na3 Kd8 21.
Nxb5 Re7 22. d6 cxd6 23. Nxd6 f6 24. Nxb7+ Kc7 25. Nc4 1-0

[Event "Early-Titled-Tuesday-Blitz-February-06-2024"]
[Site "Chess.com"]
[Date "2024.02.06"]
[Round "4"]
[White "hakanazeri2"]
[Black "SpongeBob_03"]
[Result "1-0"]
[WhiteElo "2645"]
[BlackElo "2213"]
[TimeControl "180+1"]
[EndTime "8:37:49 PST"]
[Termination "hakanazeri2 won by resignation"]

1. Nf3 Nf6 2. c4 e6 3. g3 b6 4. Bg2 Bb7 5. O-O Be7 6. Nc3 d6 7. Re1 Nbd7 8. e4 O-O 9. d4 c5 10. b3 cxd4 11. Qxd4 Ne8 12. Qd2 Nc5 13. Bb2 Bf6 14.
Nd4 Bxd4 15. Qxd4 Qf6 16. Qd2 Qg6 17. Rad1 Rd8 18. Qd4 Nf6 19. b4 e5 20. Qe3 Ne6 21. Nb5 Ng4 22. Qf3 Qh5 23. h3 Nf6 24. Qxh5 Nxh5 25.
Nxd6 Bc6 26. Nf5 f6 27. Ne7+ 1-0

[Event "Early-Titled-Tuesday-Blitz-February-06-2024"]
[Site "Chess.com"]
[Date "2024.02.06"]
[Round "4"]
[White "Paladin61"]
[Black "ChessSG1"]
[Result "1-0"]
[WhiteElo "2679"]
[BlackElo "2437"]
[TimeControl "180+1"]
[EndTime "8:37:52 PST"]
[Termination "Paladin61 won by resignation"]

1. e4 c5 2. Nf3 e6 3. g3 Nc6 4. Bg2 Nf6 5. Qe2 d6 6. O-O g6 7. c3 e5 8. d3 Bg7 9. Bg5 h6 10. Bxf6 Bxf6 11. a3 O-O 12. b4 a6 13. Nbd2 Be6 14. Rfd1 Re8 15. Rab1 cxb4 16. axb4 d5 17. exd5 Bxd5 18. Ne4 Be6 19. Nc5 Bc8 20. Nd2 Bg7 21. Nc4 Ra7 22. b5 axb5 23. Rxb5 Qe7 24. Rdb1 e4 25. d4 f5 26. Qb2 Be6 27. Nxe6 Qxe6 28.
d5 Qf7 29. Nd6 Qd7 30. Nxe8 Ne5 31. Nxg7 Qxg7 32. Rxb7 Qxb7 33. Qxb7 Rxb7 34. Rxb7 1-0

[Event "Early-Titled-Tuesday-Blitz-February-06-2024"]
[Site "Chess.com"]
[Date "2024.02.06"]
[Round "4"]
[White "Kotofeyca"]
[Black "kingofthenil"]
[Result "0-1"]
[WhiteElo "2417"]
[BlackElo "2667"]
[TimeControl "180+1"]
[EndTime "8:37:52 PST"]
[Termination "kingofthenil won on time"]

1. d4 Nf6 2. c4 e6 3. Nf3 Bb4+ 4.
Nbd2 b6 5. a3 Bxd2+ 6. Bxd2 Bb7 7. Bg5 h6 8. Bh4 d6 9. e3 g5 10.
Bg3 Ne4 11. Nd2 Nxg3 12. hxg3 Nd7 13. e4 Qf6 14. d5 exd5 15. cxd5 Qxb2 16. Be2 Nc5 17.
Rb1 Qxa3 18. Bb5+ Kf8 19. O-O Kg7 20. Nc4 Qc3 21. Rc1 Qf6 22. Qc2 a6 23. Bc6 Bxc6 24.
dxc6 Rhe8 25. Rce1 Qd4 26. Kh2 Rxe4 27. Rxe4 Qxe4 28.
Qc3+ Kg8 29. Ne3 a5 30. g4 Qe5+ 31. Qxe5 dxe5 32. Nf5 a4 33. Ra1 a3 34. Ne7+ Kf8 35. Nd5 Ra7 36. g3 a2 37. Nxc7 Rxc7 38. Rxa2 Rxc6 39.
Rc2 b5 40. Kg2 b4 0-1

[Event "Early-Titled-Tuesday-Blitz-February-06-2024"]
[Site "Chess.com"]
[Date "2024.02.06"]
[Round "4"]
[White "severomorskij"]
[Black "Korchmar_Vasiliy"]
[Result "1-0"]
[WhiteElo "2905"]
[BlackElo "2713"]
[TimeControl "180+1"]
[EndTime "8:37:55 PST"]
[Termination "severomorskij won by resignation"]

1. d4 d5 2. c4 c6 3. Nc3 Nf6 4. Nf3 a6 5. cxd5 cxd5 6. Bg5 Nc6 7. e3 Ne4 8. Bh4 Nxc3 9. bxc3 Qa5 10. Qd2 Bf5 11.
Bd3 Bxd3 12. Qxd3 e6 13. Rb1 b5 14. O-O Bd6 15. e4 O-O 16. exd5 exd5 17. Ng5 g6 18.
Nxh7 Rfc8 19. Qh3 Be7 20. Bxe7 Nxe7 21. Ng5 Kg7 22. Qh7+ Kf6 23. Qxf7+ Kxg5 24. Qxe7+ Kh6 25. Rfe1 Rxc3 26. Qh4+ Kg7 27. Re7+ 1-0

[Event "Early-Titled-Tuesday-Blitz-February-06-2024"]
[Site "Chess.com"]
[Date "2024.02.06"]
[Round "4"]
[White "BallottiLuca"]
[Black "Tssunami"]
[Result "1-0"]
[WhiteElo "2360"]
[BlackElo "2493"]
[TimeControl "180+1"]
[EndTime "8:37:55 PST"]
[Termination "BallottiLuca won by resignation"]

1. d4 Nf6 2. c4 e6 3. Nc3 Bb4 4. Nf3 c5 5. e3 d5 6. Bd3 dxc4 7. Bxc4 O-O 8. O-O b6 9. Qe2 Bb7 10. Rd1 Nbd7 11. d5 exd5 12. Nxd5 Nxd5 13. Bxd5 Bxd5 14.
Rxd5 Qe7 15. a3 Ba5 16. e4 Nf6 17. Re5 Qd7 18. Bg5 Qc6 19. Bxf6 Qxf6 20. Rd5 Rfe8 21. Rad1 h6 22. g3 Qg6 23. e5 Rac8 24. Qc4 Qf5 25. Kg2 Rc7 26. b4 b5 27. Qxb5 1-0

[Event "Early-Titled-Tuesday-Blitz-February-06-2024"]
[Site "Chess.com"]
[Date "2024.02.06"]
[Round "4"]
[White "mertfelin"]
[Black "Mourinho_Jose"]
[Result "0-1"]
[WhiteElo "2272"]
[BlackElo "2479"]
[TimeControl "180+1"]
[EndTime "8:37:55 PST"]
[Termination "Mourinho_Jose won by resignation"]

1. e4 c5 2. Nf3 Nc6 3. Bb5 g6 4. O-O Bg7 5. Nc3 a6 6. Bxc6 dxc6 7. e5 Bg4 8. Re1 Qc7 9. d3 Bxf3 10. Qxf3 Bxe5 11. Be3 Bxh2+ 12. Kh1 Bd6 13. Ne4 Be5 14. Nxc5 Nf6 15. d4 Bd6 16. Bg5 O-O 17. Bxf6 exf6 18. Ne4 f5 19. Nxd6 Qxd6 20. c3 Rfe8 21. g3 Qd5 22. Qxd5 cxd5 23. Kg2 f6 24. Rac1 Kf7 25. Rxe8 Rxe8 26. Kf3 g5 27. Rc2 h5 28.
c4 Rc8 29. c5 Re8 30. Rc3 Kg6 31. Rb3 g4+ 32. Kg2 Re7 33. Rb6 Rd7 34. b4 f4 35.
gxf4 h4 36. a4 Kf5 37. b5 axb5 38. axb5 Rf7 39. Rxb7 Rxb7 40. c6 Rc7 0-1

[Event "Early-Titled-Tuesday-Blitz-February-06-2024"]
[Site "Chess.com"]
[Date "2024.02.06"]
[Round "4"]
[White "CarlosjPineror"]
[Black "Statham_01"]
[Result "0-1"]
[WhiteElo "2715"]
[BlackElo "2545"]
[TimeControl "180+1"]
[EndTime "8:37:57 PST"]
[Termination "Statham_01 won by checkmate"]

1. e4 e5 2. Nf3 Nf6 3. Nc3 Nc6 4. Bc4 Nxe4 5. Nxe4 d5 6. Bd3 dxe4 7. Bxe4 Bd6 8. O-O O-O 9. Bd5 Ne7 10. Bb3 e4 11. Ne1 Ng6 12. d3 Qh4 13. g3 Qh3 14. dxe4 Bg4 15. Qd3 Rad8 16. Qe3 b6 17. Nd3 Nh4 18. Ne1 Bf4 19.
Qxf4 Rd1 20. Be3 Rxe1 21. Raxe1 Qg2# 0-1